[Event "XXVII RUS-chT Women 2020"]
[Site "Sochi"]
[Date "2020.11.19"]
[Round "1.18"]
[White "Lysenko, Margarita"]
[Black "Baiburina, Kamilla"]
[Result "1/2-1/2"]
[ECO "E17"]
[WhiteElo "2237"]
[BlackElo "1805"]
[Annotator "NA"]
[PlyCount "81"]
[EventDate "2020.11.19"]
[EventType "team-tourn"]
[EventCountry "RUS"]
[SourceTitle "playchess.com"]
[Source "ChessBase"]
[SourceQuality "1"]
[TimeControl "40/5400+30:1800+30"]

1. d4 e6 2. c4 b6 3. Nf3 Nf6 4. g3 Bb7 5. Bg2 Be7 6. O-O O-O 7. Re1 d5 8. cxd5 exd5 9. Nc3 Nbd7 10. Ne5 c5 11. Qa4 cxd4 12. Nxd7 Qxd7 13. Qxd7 Nxd7 14. Nxd5 Bxd5 15. Bxd5 Rad8 16. Rd1 Bf6 17. Kf1 Rfe8 18. Bc4 Nc5 19. Bd3 Re7 20. Bd2 Nxd3 21. exd3 Rc8 22. Rac1 Rec7 23. Ke2 Kf8 24. Rxc7 Rxc7 25. Rc1 Rxc1 26. Bxc1 Ke7 27. Kf3 g6 28. g4 Be5 29. h3 Ke6 30. Ke4 f5+ 31. gxf5+ gxf5+ 32. Kf3 b5 33. Bd2 Bd6 34. Bf4 Bxf4 35. Kxf4 Kf6 36. b4 h6 37. f3 Ke6 38. Kg3 Kf6 39. Kh4 Kg6 40. Kg3 Kf6 41. Kf4 1/2-1/2

[Event "XXVII RUS-chT Women 2020"]
[Site "Sochi"]
[Date "2020.11.19"]
[Round "1.19"]
[White "Idrisova, Roza"]
[Black "Sudakova, Irina"]
[Result "1/2-1/2"]
[ECO "D00"]
[WhiteElo "1960"]
[BlackElo "2288"]
[Annotator "NA"]
[PlyCount "88"]
[EventDate "2020.11.19"]
[EventType "team-tourn"]
[EventCountry "RUS"]
[SourceTitle "playchess.com"]
[Source "ChessBase"]
[SourceQuality "1"]
[TimeControl "40/5400+30:1800+30"]

1. d4 d5 2. Bf4 Nf6 3. e3 e6 4. c4 c5 5. Nf3 Nc6 6. Nc3 a6 7. cxd5 Nxd5 8. Nxd5 Qxd5 9. dxc5 Qxd1+ 10. Rxd1 Bxc5 11. a3 $11 f6 12. b4 Be7 13. Bc7 b5 14. Be2 Ra7 15. Bd6 Rd7 16. Bxe7 Rxd1+ 17. Kxd1 Kxe7 18. Kc2 Bb7 19. Rc1 g5 20. Kb2 Rd8 21. h4 g4 22. Ne1 Ne5 23. Rc7+ Rd7 24. Rxd7+ Kxd7 25. Kc3 Bd5 26. Nd3 Nxd3 27. Bxd3 h6 28. g3 Kd6 29. Kd4 e5+ 30. Kc3 Be6 31. Be4 f5 32. Bc2 e4 33. Kd4 Bd5 34. a4 Be6 35. axb5 axb5 36. Bd1 Bf7 37. Be2 Be8 38. Bf1 Bd7 39. Be2 Be8 40. Bd1 Bf7 41. Be2 Be8 42. Bf1 Bd7 43. Be2 Be8 44. Bd1 Bf7 1/2-1/2

[Event "XXVII RUS-chT Women 2020"]
[Site "Sochi"]
[Date "2020.11.19"]
[Round "1.20"]
[White "Smirnova, Ekaterina"]
[Black "Absalyamova, Karina"]
[Result "1-0"]
[ECO "E16"]
[WhiteElo "2239"]
[BlackElo "1884"]
[Annotator "ChessBase"]
[PlyCount "79"]
[EventDate "2020.11.19"]
[EventType "team-tourn"]
[EventCountry "RUS"]
[SourceTitle "playchess.com"]
[Source "ChessBase"]
[SourceQuality "1"]
[TimeControl "40/5400+30:1800+30"]

1. d4 Nf6 2. c4 e6 3. Nf3 Bb4+ 4. Bd2 Qe7 5. Nc3 Bxc3 6. Bxc3 Ne4 7. Qc2 Nxc3 8. Qxc3 d6 9. e4 a5 10. Be2 O-O 11. O-O Nd7 12. Rfe1 e5 13. Bf1 Re8 14. b3 exd4 15. Nxd4 Ne5 16. Rad1 Bd7 17. f4 Ng4 18. h3 Nh6 19. g4 f6 20. Bg2 Nf7 21. c5 Ra7 22. Nf5 Bxf5 23. exf5 Qd8 24. Rxe8+ Qxe8 25. cxd6 cxd6 26. Re1 Qd7 27. Qc7 Qd8 28. Qxd8+ Nxd8 29. Re8+ Kf7 30. Rxd8 a4 31. bxa4 Ke7 32. Rb8 Rxa4 33. Rxb7+ Kf8 34. Bd5 Rxf4 35. Rf7+ Ke8 36. Rxg7 h5 37. gxh5 Rxf5 38. h6 Rxd5 39. h7 Rh5 40. Rg8+ 1-0

[Event "XXVII RUS-chT Women 2020"]
[Site "Sochi"]
[Date "2020.11.19"]
[Round "1.21"]
[White "Shafigullina, Zarina"]
[Black "Goltseva, Ekaterina"]
[Result "1/2-1/2"]
[ECO "A46"]
[WhiteElo "2302"]
[BlackElo "2306"]
[Annotator "ChessBase"]
[PlyCount "149"]
[EventDate "2020.11.19"]
[EventType "team-tourn"]
[EventCountry "RUS"]
[SourceTitle "playchess.com"]
[Source "ChessBase"]
[SourceQuality "1"]
[TimeControl "40/5400+30:1800+30"]

1. d4 Nf6 2. Nf3 e6 3. g3 c5 4. Bg2 cxd4 5. O-O d5 6. Nxd4 e5 7. Nf3 Nc6 8. c4 d4 9. e3 Be7 10. exd4 exd4 11. b3 O-O 12. Bb2 Bc5 13. Na3 Bf5 14. Qd2 Qb6 15. Rad1 Rad8 16. Nb5 Bg4 17. Qf4 a6 18. Nbxd4 Nxd4 19. Bxd4 Rxd4 20. Rxd4 Bxf3 21. Rd2 Bxg2 22. Kxg2 Re8 23. Qf3 h6 24. Rfd1 a5 25. Re2 Rxe2 26. Qxe2 Qc7 27. Qd3 Qc6+ 28. Qf3 Qc7 29. Qd3 Qe5 30. Qd8+ Kh7 31. Qd3+ g6 32. Rd2 b6 33. Re2 Qc7 34. h3 Kg7 35. Qc3 Qd6 36. Rd2 Qe6 37. Rd3 Qe4+ 38. Rf3 Bd4 39. Qd3 Qe5 40. Rf4 Bc5 41. Rf3 h5 42. Qd2 Qe4 43. Qf4 Qe6 44. Rc3 Ne4 45. Rc2 g5 46. Qf3 g4 47. hxg4 hxg4 48. Qf4 f5 49. Re2 Kg6 50. f3 Bd6 51. Qe3 gxf3+ 52. Qxf3 Qf6 53. g4 Ng3 54. gxf5+ Nxf5 55. Qg4+ Kf7 56. Qh5+ Kg7 57. Re4 Qb2+ 58. Re2 Nh4+ 59. Kf1 Qc1+ 60. Kf2 Qf4+ 61. Ke1 Qc1+ 62. Kf2 Qf4+ 63. Ke1 Bb4+ 64. Kd1 Qd4+ 65. Kc2 Qc3+ 66. Kb1 Qd3+ 67. Rc2 Nf3 68. Qg4+ Kh7 69. Kb2 Bf8 70. Qh5+ Kg7 71. Rg2+ Kf6 72. Qh8+ Kf7 73. Qh5+ Kf6 74. Qh8+ Kf7 75. Qh5+ 1/2-1/2

[Event "XXVII RUS-chT Women 2020"]
[Site "Sochi"]
[Date "2020.11.19"]
[Round "1.22"]
[White "Vifleemskaia, Svetlana"]
[Black "Yakimova, Mariya"]
[Result "0-1"]
[ECO "B30"]
[WhiteElo "1911"]
[BlackElo "2244"]
[Annotator "NA"]
[PlyCount "66"]
[EventDate "2020.11.19"]
[EventType "team-tourn"]
[EventCountry "RUS"]
[SourceTitle "playchess.com"]
[Source "ChessBase"]
[SourceQuality "1"]
[TimeControl "40/5400+30:1800+30"]

1. e4 c5 2. Nf3 Nc6 3. Bb5 d6 4. O-O Bd7 5. Re1 Nf6 6. c3 a6 7. Bf1 Bg4 8. h3 Bxf3 9. Qxf3 e6 10. Qd1 d5 11. e5 Nd7 12. f4 Qh4 13. d3 g5 14. c4 dxc4 15. Re4 cxd3 16. Bxd3 gxf4 17. Bxf4 Rg8 18. Qf3 c4 19. Bxc4 Bc5+ 20. Kh2 Nd4 21. Rxd4 Bxd4 22. g3 Qd8 23. Qb3 Nc5 24. Qc2 Qc7 25. Nd2 Bxe5 26. Rf1 Bxf4 27. Rxf4 O-O-O 28. b4 Nd7 29. Qb3 Ne5 30. Nf1 Kb8 31. Be2 Nc6 32. Bc4 Nd4 33. Qc3 Ne2 0-1

[Event "XXVII RUS-chT Women 2020"]
[Site "Sochi"]
[Date "2020.11.19"]
[Round "1.23"]
[White "Nasyrova, Ekaterina"]
[Black "Zavivaeva, Emilia"]
[Result "1-0"]
[ECO "A05"]
[WhiteElo "2261"]
[BlackElo "1790"]
[Annotator "ChessBase"]
[PlyCount "45"]
[EventDate "2020.11.19"]
[EventType "team-tourn"]
[EventCountry "RUS"]
[SourceTitle "playchess.com"]
[Source "ChessBase"]
[SourceQuality "1"]
[TimeControl "40/5400+30:1800+30"]

1. Nf3 Nf6 2. c4 e6 3. Nc3 d5 4. e3 Be7 5. Be2 O-O 6. O-O b6 7. b3 Bb7 8. Bb2 c5 9. cxd5 exd5 10. d4 Nc6 11. Rc1 Rc8 12. Bd3 Bd6 13. Bf5 Rc7 14. Nb5 Ba6 15. Nxc7 Bxf1 16. Kxf1 Bxc7 17. dxc5 bxc5 18. Rxc5 Qd6 19. Qc1 Ne7 20. Bxh7+ Kxh7 21. Rxc7 Ne4 22. Kg1 a5 23. Ba3 1-0

[Event "XXVII RUS-chT Women 2020"]
[Site "Sochi"]
[Date "2020.11.19"]
[Round "1.24"]
[White "Zavivaeva, Evelina"]
[Black "Bulatova, Kamaliya"]
[Result "0-1"]
[ECO "B53"]
[WhiteElo "1589"]
[BlackElo "2143"]
[Annotator "NA"]
[PlyCount "54"]
[EventDate "2020.11.19"]
[EventType "team-tourn"]
[EventCountry "RUS"]
[SourceTitle "playchess.com"]
[Source "ChessBase"]
[SourceQuality "1"]
[TimeControl "40/5400+30:1800+30"]

1. e4 c5 2. Nf3 d6 3. d4 cxd4 4. Qxd4 Nc6 5. Qe3 $11 g6 6. c4 Bg7 7. Be2 Nf6 8. Nc3 O-O 9. O-O Bg4 10. Rb1 Rc8 11. b3 a6 12. Bb2 Qa5 13. Qd2 Bxf3 14. Bxf3 b5 15. cxb5 axb5 16. Rfd1 Ne5 17. Nd5 Qa7 18. Qe2 Nxd5 19. Bxe5 Bxe5 20. Rxd5 b4 21. Rb5 Qa3 22. Qd2 Bc3 23. Qe2 Rc7 24. e5 Bxe5 25. Rb7 Rc1+ 26. Rxc1 Qxc1+ 27. Qf1 Bxh2+ 0-1

[Event "XXVII RUS-chT Women 2020"]
[Site "Sochi"]
[Date "2020.11.20"]
[Round "2.1"]
[White "Pogonina, Natalija"]
[Black "Vasilevich, Tatjana"]
[Result "1/2-1/2"]
[ECO "E15"]
[WhiteElo "2475"]
[BlackElo "2353"]
[Annotator "ChessBase"]
[PlyCount "72"]
[EventDate "2020.11.19"]
[EventType "team-tourn"]
[EventCountry "RUS"]
[SourceTitle "playchess.com"]
[Source "ChessBase"]
[SourceQuality "1"]
[TimeControl "40/5400+30:1800+30"]

1. d4 Nf6 2. Nf3 e6 3. c4 b6 4. g3 Ba6 5. b3 b5 6. cxb5 Bxb5 7. Bg2 d5 8. O-O Nbd7 9. Nc3 Ba6 10. Bb2 c5 11. a3 Rc8 12. dxc5 Bxc5 13. b4 Bd6 14. Re1 Bb7 15. e4 dxe4 16. Qxd6 exf3 17. Bf1 a6 18. b5 Nc5 19. Qxd8+ Rxd8 20. bxa6 Bxa6 21. Bxa6 Nxa6 22. Ne4 Nxe4 23. Rxe4 O-O 24. Re3 Nc5 25. Rxf3 Na4 26. Bc3 Nxc3 27. Rxc3 Rd5 28. a4 Ra5 29. Rc7 g5 30. Ra3 Rfa8 31. Rf3 Rf8 32. Rc4 Rfa8 33. Rc7 Rf8 34. Rc4 Rfa8 35. Rc7 Rf8 36. Rc4 Rfa8 1/2-1/2

[Event "XXVII RUS-chT Women 2020"]
[Site "Sochi"]
[Date "2020.11.20"]
[Round "2.2"]
[White "Gritsayeva, Oksana"]
[Black "Girya, Olga"]
[Result "0-1"]
[ECO "B11"]
[WhiteElo "2351"]
[BlackElo "2469"]
[Annotator "ChessBase"]
[PlyCount "118"]
[EventDate "2020.11.19"]
[EventType "team-tourn"]
[EventCountry "RUS"]
[SourceTitle "playchess.com"]
[Source "ChessBase"]
[SourceQuality "1"]
[TimeControl "40/5400+30:1800+30"]

1. e4 c6 2. Nf3 d5 3. Nc3 Bg4 4. Be2 e6 5. d4 Be7 6. h3 Bh5 7. Ne5 Bxe2 8. Qxe2 Nf6 9. exd5 cxd5 10. Qb5+ Nbd7 11. Bg5 h6 12. Bxf6 Bxf6 13. Nxd7 Qxd7 14. Qxd7+ Kxd7 15. Ne2 Rac8 16. c3 h5 17. Nf4 Be7 18. Nd3 Bd6 19. Kd2 h4 20. Rhe1 Rh5 21. Ke2 f6 22. Rad1 Rf5 23. Nc1 Rh8 24. Kf1 Rh6 25. Re2 Rg6 26. Nb3 Rfg5 27. f3 b6 28. Na1 Rh6 29. Nc2 Rh8 30. Ne3 Rc8 31. Ng4 Rh5 32. Rd3 Rc6 33. Ne3 b5 34. a3 Rh8 35. Nc2 a5 36. Ke1 Rhc8 37. Kd1 Bf4 38. Na1 b4 39. axb4 axb4 40. Nb3 bxc3 41. Rxc3 Rxc3 42. bxc3 Rxc3 43. Nc5+ Kc6 44. Rxe6+ Kb5 45. Re7 Rc1+ 46. Ke2 Rc2+ 47. Kf1 Bg3 48. Rxg7 Kc4 49. f4 Rf2+ 50. Ke1 Kxd4 51. Nb3+ Kc3 52. Nc5 Rb2+ 53. Kd1 Rd2+ 54. Kc1 Rxg2 55. Kb1 Rb2+ 56. Ka1 Rb4 57. Rd7 Kc2 58. Rxd5 Rc4 59. Ka2 Bf2 0-1

[Event "XXVII RUS-chT Women 2020"]
[Site "Sochi"]
[Date "2020.11.20"]
[Round "2.3"]
[White "Badelka, Olga"]
[Black "Tomilova, Elena"]
[Result "1-0"]
[ECO "A04"]
[WhiteElo "2427"]
[BlackElo "2358"]
[Annotator "NA"]
[PlyCount "83"]
[EventDate "2020.11.19"]
[EventType "team-tourn"]
[EventCountry "RUS"]
[SourceTitle "playchess.com"]
[Source "ChessBase"]
[SourceQuality "1"]
[TimeControl "40/5400+30:1800+30"]

1. Nf3 c5 2. c4 Nc6 3. Nc3 g6 4. e3 Nf6 5. d4 cxd4 6. exd4 d5 7. cxd5 Nxd5 8. Qb3 Nxc3 9. Bc4 e6 10. bxc3 Bg7 11. Ba3 Bf8 12. Bxf8 Kxf8 13. O-O Kg7 14. Be2 b6 15. Rfd1 Bb7 16. c4 Qf6 17. Rd2 Rac8 18. Qe3 Ne7 19. Ne5 Nf5 20. Qc3 $11 Nd6 21. f3 Rhe8 22. Re1 h5 23. Bf1 Red8 24. Qa3 Qf4 25. Rdd1 Ra8 26. c5 Nf5 27. c6 Bc8 28. Re4 Qg5 29. Qc3 Rd5 30. Bc4 b5 31. Bxd5 exd5 32. Re2 h4 33. Qc5 Be6 34. Qxb5 h3 35. g4 Nh4 36. Qb3 Ng2 37. Nd3 Ne3 38. Rde1 Bxg4 39. f4 Qh4 40. Rxe3 Bf5 41. Ne5 Be4 42. Rxe4 1-0

[Event "XXVII RUS-chT Women 2020"]
[Site "Sochi"]
[Date "2020.11.20"]
[Round "2.4"]
[White "Potapova, Margarita"]
[Black "Kovanova, Baira"]
[Result "1/2-1/2"]
[ECO "D35"]
[WhiteElo "2266"]
[BlackElo "2323"]
[Annotator "ChessBase"]
[PlyCount "107"]
[EventDate "2020.11.19"]
[EventType "team-tourn"]
[EventCountry "RUS"]
[SourceTitle "playchess.com"]
[Source "ChessBase"]
[SourceQuality "1"]
[TimeControl "40/5400+30:1800+30"]

1. d4 Nf6 2. c4 e6 3. Nc3 d5 4. cxd5 exd5 5. Bg5 Be7 6. e3 c6 7. Bd3 Nbd7 8. Nge2 h6 9. Bh4 O-O 10. Qc2 Re8 11. O-O Ne4 12. Bxe7 Qxe7 13. Bxe4 dxe4 14. d5 Nc5 15. Rad1 Bd7 16. Rd4 Bf5 17. Nf4 Rad8 18. Qd2 g5 19. Nfe2 Bg6 20. Nc1 Qf6 21. Rd1 Nd3 22. Nxe4 Rxe4 23. Rxd3 Re5 24. Rd4 Rexd5 25. Qc3 Qe6 26. Nb3 b6 27. h3 Be4 28. f3 Bg6 29. e4 Rxd4 30. Rxd4 Rxd4 31. Nxd4 Qxa2 32. Nxc6 Qa1+ 33. Kh2 Kh7 34. Ne7 h5 35. Nd5 Qa4 36. Qe5 Qc6 37. Qxg5 Qd6+ 38. f4 Kg7 39. Ne3 Kf8 40. e5 Qd4 41. Qg3 h4 42. Qf2 a5 43. g3 hxg3+ 44. Kxg3 a4 45. Ng4 Qd3+ 46. Kh4 b5 47. Qc5+ Kg7 48. e6 Qe4 49. Qc3+ Kf8 50. Qc5+ Kg7 51. e7 f6 52. Qa7 Qe1+ 53. Nf2 Be8 54. Kg3 1/2-1/2

[Event "XXVII RUS-chT Women 2020"]
[Site "Sochi"]
[Date "2020.11.20"]
[Round "2.5"]
[White "Protopopova, Anastasiya"]
[Black "Shuvalova, Polina"]
[Result "1-0"]
[ECO "E20"]
[WhiteElo "2267"]
[BlackElo "2454"]
[Annotator "ChessBase"]
[PlyCount "79"]
[EventDate "2020.11.19"]
[EventType "team-tourn"]
[EventCountry "RUS"]
[SourceTitle "playchess.com"]
[Source "ChessBase"]
[SourceQuality "1"]
[TimeControl "40/5400+30:1800+30"]

1. d4 Nf6 2. c4 e6 3. Nc3 Bb4 4. f3 c5 5. d5 b5 6. e4 d6 7. Bd2 Bxc3 8. Bxc3 b4 9. Bd2 a5 10. a3 Ra6 11. Nh3 O-O 12. Be2 exd5 13. cxd5 Rb6 14. axb4 axb4 15. O-O Ba6 16. Bg5 Bxe2 17. Qxe2 Nbd7 18. Ra7 h6 19. Bh4 Qb8 20. Raa1 Rc8 21. Rfc1 Qb7 22. Nf2 Ra8 23. Rxa8+ Qxa8 24. Nd1 Qa6 25. Qc2 b3 26. Qc3 Nh5 27. Bg3 Nxg3 28. hxg3 Ne5 29. Ne3 Rb4 30. f4 Nd7 31. Nf5 f6 32. Qf3 Nf8 33. e5 fxe5 34. fxe5 Ng6 35. exd6 Rb7 36. Qe4 Kh7 37. Kh2 Rf7 38. Rxc5 Qb6 39. Rc6 Qd8 40. Nh4 1-0

[Event "XXVII RUS-chT Women 2020"]
[Site "Sochi"]
[Date "2020.11.20"]
[Round "2.6"]
[White "Kovalevskaya, Ekaterina"]
[Black "Lysenko, Margarita"]
[Result "1/2-1/2"]
[ECO "A05"]
[WhiteElo "2386"]
[BlackElo "2237"]
[Annotator "ChessBase"]
[PlyCount "112"]
[EventDate "2020.11.19"]
[EventType "team-tourn"]
[EventCountry "RUS"]
[SourceTitle "playchess.com"]
[Source "ChessBase"]
[SourceQuality "1"]
[TimeControl "40/5400+30:1800+30"]

1. Nf3 Nf6 2. g3 e6 3. Bg2 d5 4. O-O Be7 5. c4 O-O 6. b3 b6 7. Bb2 Bb7 8. d4 Nbd7 9. Nc3 c5 10. cxd5 Nxd5 11. Nxd5 Bxd5 12. Rc1 Rc8 13. dxc5 Nxc5 14. b4 Bxf3 15. Bxf3 Qxd1 16. Rfxd1 Na4 17. Be5 Bxb4 18. Rxc8 Rxc8 19. Rd7 a5 20. Rb7 Nc5 21. Rxb6 Nd7 22. Rb5 Nxe5 23. Rxe5 Rc1+ 24. Kg2 Ra1 25. Rb5 Rxa2 26. Rb8+ Bf8 27. Rb7 Rc2 28. Ra7 Rc5 29. e3 h5 30. Bd1 g6 31. Ba4 Bd6 32. Ra6 Bc7 33. Rc6 Rxc6 34. Bxc6 g5 35. Kf3 Kg7 36. h3 Bd6 37. g4 h4 38. Ke4 f6 39. Ba4 Kf7 40. f3 Ke7 41. Bb3 Bb4 42. Ba4 Kd6 43. Bb3 Bd2 44. Kd3 Bc1 45. Kd4 f5 46. Kd3 Ke5 47. Ba4 fxg4 48. fxg4 Kd5 49. Bb3+ Kd6 50. Ba4 Kc5 51. Bb3 Kb4 52. Bxe6 a4 53. Bg8 a3 54. Ba2 Kc5 55. Bg8 Kd6 56. Ke4 Bd2 1/2-1/2

[Event "XXVII RUS-chT Women 2020"]
[Site "Sochi"]
[Date "2020.11.20"]
[Round "2.7"]
[White "Sudakova, Irina"]
[Black "Voit, Daria"]
[Result "0-1"]
[ECO "B12"]
[WhiteElo "2288"]
[BlackElo "2353"]
[Annotator "NA"]
[PlyCount "100"]
[EventDate "2020.11.19"]
[EventType "team-tourn"]
[EventCountry "RUS"]
[SourceTitle "playchess.com"]
[Source "ChessBase"]
[SourceQuality "1"]
[TimeControl "40/5400+30:1800+30"]

1. e4 c6 2. d4 d5 3. e5 Bf5 4. Nc3 Qb6 5. Nce2 e6 6. Ng3 Bg6 7. h4 h6 8. Nf3 c5 9. Bd3 $15 Bxd3 10. Qxd3 cxd4 11. Nxd4 Bc5 12. Be3 Nc6 13. Nxc6 Bxe3 14. Qxe3 Qxe3+ 15. fxe3 bxc6 16. e4 Ne7 17. h5 d4 18. Ne2 c5 19. b4 cxb4 20. Nxd4 Rc8 21. Ke2 O-O 22. a3 Rfd8 23. Rhd1 Rc4 24. Ke3 bxa3 25. Rd3 Ra4 26. Nb5 Rxd3+ 27. cxd3 Nc6 28. Rxa3 Rxa3 29. Nxa3 Nxe5 30. d4 Ng4+ 31. Kf4 Nf6 32. g4 a5 33. Kf3 Kf8 34. Kf4 Ke7 35. Kf3 a4 36. Kf4 Kd7 37. Kf3 Kc7 38. Kf4 Kc6 39. Kf3 Kb6 40. Kf4 Ka5 41. Nc2 Kb5 42. Ke5 Kc4 43. Na3+ Kb4 44. Nb1 Nxg4+ 45. Kd6 Nf6 46. Ke7 Nxh5 47. Kxf7 Nf4 48. Kxg7 h5 49. Kh6 h4 50. Kg5 h3 0-1

[Event "XXVII RUS-chT Women 2020"]
[Site "Sochi"]
[Date "2020.11.20"]
[Round "2.8"]
[White "Dordzhieva, Dinara"]
[Black "Smirnova, Ekaterina"]
[Result "1/2-1/2"]
[ECO "D11"]
[WhiteElo "2352"]
[BlackElo "2239"]
[Annotator "NA"]
[PlyCount "73"]
[EventDate "2020.11.19"]
[EventType "team-tourn"]
[EventCountry "RUS"]
[SourceTitle "playchess.com"]
[Source "ChessBase"]
[SourceQuality "1"]
[TimeControl "40/5400+30:1800+30"]

1. d4 d5 2. c4 c6 3. Nf3 Nf6 4. g3 Bf5 5. Nc3 e6 6. Nh4 Be4 7. f3 Bg6 8. Qb3 Qb6 9. Nxg6 hxg6 10. c5 Qc7 11. Bf4 Qc8 12. e4 Nh5 13. O-O-O (13. Ne2 $11) 13... Nxf4 14. gxf4 Be7 15. Bd3 Nd7 16. Rde1 Qc7 17. Kb1 dxe4 18. fxe4 O-O-O 19. Bc2 Nf6 20. Qa4 Kb8 21. e5 $17 Nd5 22. Ne4 Nxf4 23. Nd6 Bxd6 24. exd6 Qd7 25. Re3 Rh4 26. Ra3 a6 27. Rb3 Ka7 28. Re1 Rdh8 29. Be4 Rxh2 30. Rb6 Nd5 31. Bxd5 exd5 32. Rxa6+ bxa6 33. Re7 Rh1+ 34. Kc2 R1h2+ 35. Kb1 Rh1+ 36. Kc2 R1h2+ 37. Kb1 1/2-1/2

[Event "XXVII RUS-chT Women 2020"]
[Site "Sochi"]
[Date "2020.11.20"]
[Round "2.9"]
[White "Bodnaruk, Anastasia"]
[Black "Shafigullina, Zarina"]
[Result "1-0"]
[ECO "B23"]
[WhiteElo "2414"]
[BlackElo "2302"]
[Annotator "ChessBase"]
[PlyCount "57"]
[EventDate "2020.11.19"]
[EventType "team-tourn"]
[EventCountry "RUS"]
[SourceTitle "playchess.com"]
[Source "ChessBase"]
[SourceQuality "1"]
[TimeControl "40/5400+30:1800+30"]

1. e4 c5 2. Nc3 d6 3. d4 cxd4 4. Qxd4 Nc6 5. Qd2 g6 6. b3 Bh6 7. f4 Nf6 8. Bb2 O-O 9. O-O-O a5 10. a4 Nb4 11. Kb1 e5 12. Qxd6 Qxd6 13. Rxd6 Ng4 14. Nh3 exf4 15. Ne2 Re8 16. Nexf4 Bf8 17. Rd4 Bg7 18. Rd2 Bxb2 19. Kxb2 Rxe4 20. Rd8+ Kg7 21. Bb5 Ne5 22. Rf1 Nec6 23. Rd6 Ne7 24. Ng5 Re5 25. Nh5+ Kh6 26. Nxf7+ Kxh5 27. Nxe5 Bf5 28. g4+ Bxg4 29. Rf7 1-0

[Event "XXVII RUS-chT Women 2020"]
[Site "Sochi"]
[Date "2020.11.20"]
[Round "2.10"]
[White "Yakimova, Mariya"]
[Black "Ovod, Evgenija"]
[Result "1/2-1/2"]
[ECO "E04"]
[WhiteElo "2244"]
[BlackElo "2338"]
[Annotator "ChessBase"]
[PlyCount "130"]
[EventDate "2020.11.19"]
[EventType "team-tourn"]
[EventCountry "RUS"]
[SourceTitle "playchess.com"]
[Source "ChessBase"]
[SourceQuality "1"]
[TimeControl "40/5400+30:1800+30"]

1. d4 d5 2. c4 e6 3. Nf3 Nf6 4. g3 dxc4 5. Bg2 c5 6. O-O Nc6 7. Ne5 Bd7 8. Na3 cxd4 9. Naxc4 Bc5 10. Qb3 O-O 11. Qxb7 Nxe5 12. Nxe5 Rb8 13. Qf3 Nd5 14. Qg4 Ne7 15. Rd1 Ng6 16. Nxd7 Qxd7 17. h4 f5 18. Qg5 e5 19. h5 h6 20. Qd2 Ne7 21. Qa5 Rfc8 22. b3 Qe6 23. Bd2 Bb6 24. Qa4 Nd5 25. Bxd5 Qxd5 26. Rac1 Kh7 27. Qa6 Rf8 28. Qc4 Qe4 29. Bb4 Rfe8 30. a4 a5 31. Bd6 Rbd8 32. Qb5 Re6 33. Bc5 Bxc5 34. Rxc5 Rde8 35. Rc7 Qg4 36. Kg2 Qxh5 37. Rh1 Qg6 38. Qxa5 f4 39. Rh3 Qe4+ 40. Kf1 Qb1+ 41. Kg2 Qe4+ 42. Kf1 f3 43. exf3 Qxf3 44. Qd2 Qxb3 45. a5 R8e7 46. Rc1 Rf6 47. Kg1 Qd5 48. Rh5 Qf3 49. Rh4 Rg6 50. Rh2 d3 51. Re1 e4 52. Re3 Qf5 53. Rh4 Qg5 54. Kh2 Rc7 55. Qe1 Rf6 56. Rexe4 d2 57. Qe2 Rxf2+ 58. Qxf2 d1=Q 59. Re2 Rc1 60. Qg2 Qf1 61. Qe4+ Qff5 62. Qg2 Qxh4+ 63. gxh4 Qf4+ 64. Qg3 Rh1+ 65. Kg2 Rg1+ 1/2-1/2

[Event "XXVII RUS-chT Women 2020"]
[Site "Sochi"]
[Date "2020.11.20"]
[Round "2.11"]
[White "Belenkaya, Dina"]
[Black "Nasyrova, Ekaterina"]
[Result "0-1"]
[ECO "C44"]
[WhiteElo "2283"]
[BlackElo "2261"]
[Annotator "NA"]
[PlyCount "72"]
[EventDate "2020.11.19"]
[EventType "team-tourn"]
[EventCountry "RUS"]
[SourceTitle "playchess.com"]
[Source "ChessBase"]
[SourceQuality "1"]
[TimeControl "40/5400+30:1800+30"]

1. e4 e5 2. Nf3 Nc6 3. d4 exd4 4. Nxd4 Nf6 5. Nc3 $11 Bb4 6. Nxc6 bxc6 7. Bd3 d5 8. exd5 cxd5 9. O-O O-O 10. Bg5 c6 11. Qf3 Be7 12. h3 h6 13. Bf4 Nd7 14. Rfe1 Nc5 15. Be5 Nxd3 16. cxd3 Bd6 17. Na4 Be6 18. d4 Bb4 19. Re2 Re8 20. Qg3 Qg5 21. Qb3 Bf8 22. Re3 f6 23. Bg3 Bf7 24. Rae1 Rxe3 25. Rxe3 c5 26. Qb7 cxd4 27. Re1 Re8 28. Rd1 d3 29. h4 Qg4 30. Qb3 f5 31. Bc7 Qxh4 32. Qb5 d2 33. Ba5 Bd6 34. g3 Bxg3 35. fxg3 Qxg3+ 36. Kf1 Qf3+ 0-1

[Event "XXVII RUS-chT Women 2020"]
[Site "Sochi"]
[Date "2020.11.20"]
[Round "2.12"]
[White "Bulatova, Kamaliya"]
[Black "Chernyak, Viktoria"]
[Result "1/2-1/2"]
[ECO "A06"]
[WhiteElo "2143"]
[BlackElo "2325"]
[Annotator "NA"]
[PlyCount "118"]
[EventDate "2020.11.19"]
[EventType "team-tourn"]
[EventCountry "RUS"]
[SourceTitle "playchess.com"]
[Source "ChessBase"]
[SourceQuality "1"]
[TimeControl "40/5400+30:1800+30"]

1. Nf3 d5 2. b3 c5 3. e3 Nf6 4. Bb2 Nc6 5. Bb5 Bg4 6. h3 Bh5 7. g4 Bg6 8. Bxc6+ bxc6 9. Ne5 Nd7 10. Nxg6 hxg6 11. d3 e6 12. Nd2 g5 13. Nf3 f6 14. Qd2 Bd6 15. O-O-O Qc7 16. h4 gxh4 17. Nxh4 O-O-O 18. Ng6 Rxh1 19. Rxh1 Ne5 20. Nxe5 fxe5 21. Kb1 $16 Rf8 22. Qe2 Qf7 23. Rh7 Qxf2 24. Qxf2 Rxf2 25. Rxg7 Rf1+ 26. Bc1 c4 27. b4 c3 28. a3 a5 29. g5 axb4 30. g6 Rg1 31. axb4 Bxb4 32. Rg8+ Kd7 33. g7 Be7 34. Ka2 Bf6 35. Ba3 Rxg7 36. Rxg7+ Bxg7 37. Kb3 d4 38. e4 Bf6 39. Bc1 Be7 40. Ka4 Kc7 41. Ka5 Kb7 42. Bh6 Bd8+ 43. Kb4 Kb6 44. Bf8 Bg5 45. Bd6 Bf6 46. Bf8 Kc7 47. Ka5 Kd7 48. Kb6 Bd8+ 49. Kc5 Bg5 50. Kb6 Bc1 51. Bg7 Bf4 52. Bf8 Bg5 53. Kc5 Bd8 54. Bg7 Be7+ 55. Kb6 Kd6 56. Ka5 Bg5 57. Bf8+ Kd7 58. Kb6 Bd8+ 59. Kc5 Bf6 1/2-1/2

[Event "XXVII RUS-chT Women 2020"]
[Site "Sochi"]
[Date "2020.11.20"]
[Round "2.13"]
[White "Afonasieva, Anna"]
[Black "Elnikova, Milena"]
[Result "1-0"]
[ECO "A80"]
[WhiteElo "2316"]
[BlackElo "1435"]
[Annotator "ChessBase"]
[PlyCount "69"]
[EventDate "2020.11.19"]
[EventType "team-tourn"]
[EventCountry "RUS"]
[SourceTitle "playchess.com"]
[Source "ChessBase"]
[SourceQuality "1"]
[TimeControl "40/5400+30:1800+30"]

1. d4 f5 2. Nf3 g6 3. g3 Nf6 4. Bg2 Bg7 5. O-O O-O 6. b3 d6 7. Bb2 c6 8. c4 Na6 9. Nc3 Nc7 10. Rc1 h6 11. d5 c5 12. Qc2 Qe8 13. a4 Bd7 14. Rfe1 Qf7 15. e4 fxe4 16. Nxe4 Bf5 17. Nh4 Nxe4 18. Bxg7 Kxg7 19. Bxe4 Bxe4 20. Rxe4 Rg8 21. Rce1 Rae8 22. Rf4 Qxf4 23. gxf4 Kf7 24. Kh1 e6 25. dxe6+ Nxe6 26. f5 Nd4 27. fxg6+ Kf6 28. Qc3 Rxe1+ 29. Qxe1 Kg5 30. Qe4 Rg7 31. Kg2 h5 32. Kg3 Kf6 33. Qf4+ Ke7 34. Nf5+ Nxf5+ 35. Qxf5 1-0